Unix xNetHack Version 8.0.0 - last build Oct 24 2023 22:40:03 (377cadcb0cddd23835977b77f88704ab461fff9e). Game began 2023-10-26 11:00:59, ended 2023-10-27 12:57:36. breadmaster, lawful female human Priestess --- |.. --.- ---..|-- |.<.G|.-- --......| |......| |..d..h| ----.@`# |G..- |..... -....G.. ......... ----.--.|.| -- ---- Breadmaster the Acolyte St:10 Dx:10 Co:16 In:16 Wi:11 Ch:12 Lawful S:268 Dlvl:3 $:0 HP:0(23) Pw:29(29) AC:6 Xp:3/42 T:979 Latest messages: You can't comprehend the runes! A cloud of darkness falls upon you. You can see again. You feel less confused now. What do you want to read? [ghilw or ?*] w You begin to memorize the runes. You hear Nallihan cursing shoplifters. You add the "cure sickness" spell to your repertoire, as 'c'. The door opens. You hear the chime of a cash register. The door opens. You miss the sewer rat. The sewer rat bites! You miss the sewer rat. Your robe deflects the sewer rat's attack. You kill the sewer rat! Welcome to experience level 3. You see here a sewer rat corpse. With great effort you move the boulder. You try to move the boulder, but in vain. You try to move the boulder, but in vain. You swap places with your little dog. You kill the gecko! You see here a gecko corpse. There is a gecko corpse here; eat it? [ynq] (n) y This gecko corpse tastes gamey. You finish eating the gecko corpse. You hear the chime of a cash register. You stop. Your little dog is in the way! You stop. Your little dog is in the way! You swap places with your little dog. You descend the stairs. The gnome wields an iron bow! The gnome lord punches you! With great effort you move the boulder. Click! The little dog triggers something. The gnome lord punches you! You whack the gnome lord! The gnome lord punches you! The little dog bites the gnome lord. The gnome lord punches the little dog. You miss the gnome lord. The gnome lord punches you! You smack the gnome lord! The gnome lord misses! You miss the gnome lord. The dwarf swings her broad pick. The dwarf whacks you! You die... Do you want your possessions identified? [ynq] (y) q Inventory: Inventory: 489/700 weight (23/52 slots) Weapons n - a +0 stone orcish dagger (at the ready) {8} a - a blessed +1 mace (weapon in hand) {30} Armor v - a +0 pair of elven boots (being worn) {12} q - a +0 pair of low boots {10} c - a +0 small shield (being worn) {23} u - a +0 alchemy smock with text "Don't mess with the chef" {10} t - a +0 oilskin cloak {10} b - a +0 robe (being worn) {12} Comestibles e - 2 cloves of garlic {2} o - 2 food rations {40} f - a sprig of wolfsbane {1} s - 2 lichen corpses {40} Scrolls l - a blessed scroll of identify {5} i - a scroll of scare monster {5} Spellbooks w - a spellbook of cure sickness {45} g - a spellbook of light {35} h - a spellbook of turn undead {40} Potions m - a potion of enlightenment {20} j - a potion of fruit juice {20} k - a potion of gain ability {20} r - a potion of hallucination {20} d - 4 potions of holy water {80} Gems/Stones p - a worthless piece of blue glass {1} Breadmaster the Priestess's attributes: Background: You were an Acolyte, a level 3 human Priestess. You were lawful, on a mission for Lugh who was opposed by Brigit (neutral) and Manannan Mac Lir (chaotic). You were heterosexual. You were in the Gnomish Mines, on level 3. You entered the dungeon 979 turns ago. You had 42 experience points, 38 more were needed to attain level 4. Your score was 268 before end-of-game adjustments. Basics: You had 0 out of 23 hit points. You had all 29 energy points (spell power). Your armor class was 6. Your wallet was empty. Autopickup was off. Final Characteristics: Your strength was 10 (limit:18/100). Your dexterity was 10 (limit:18). Your constitution was 16 (limit:18). Your intelligence was 16 (limit:18). Your wisdom was 11 (limit:18). Your charisma was 12 (limit:18). Final Status: You were not hungry. You were unencumbered. You were wielding a mace. You had basic skill with mace. Final Attributes: You were devoutly aligned. You were stealthy. You were guarded. You are dead. Miscellaneous: You never encountered a bones level. Total elapsed playing time was 1 hour, 34 minutes and 15 seconds. Major events: Turn 1: breadmaster the lawful human Priestess entered the dungeon 732: entered the Gnomish Mines 878: attained the rank of Acolyte (level 3) 979: killed by a dwarf Vanquished creatures: 2 giant rats a gecko 7 jackals 3 goblins a sewer rat 2 grid bugs 2 lichens 2 newts 20 creatures vanquished. No species were genocided or became extinct. Voluntary challenges: You were an atheist. You read items or engraved 2 times. You never genocided any monsters. You never polymorphed an object. You never changed form. You never touched an artifact. You used no wishes. You were celibate. You never generated conflict. Achievements: You entered a shop. You entered the Gnomish Mines. You attained the rank of Acolyte. Dungeon overview: The Dungeons of Doom: levels 1 to 3 Level 1: A grave. Level 2: An armor shop, a fountain, a tree. Stairs down to The Gnomish Mines. Level 3: A fountain. The Gnomish Mines: Level 3: <- You were here. Final resting place for you, killed by a dwarf. Game over: __________ / \ / REST \ / IN \ / PEACE \ / \ | breadmaster | | 0 Au | | killed by a | | dwarf | | | | | | 2023 | *| * * * | * _________)/\\_//(\/(/\)/\//\/|_)_______ Goodbye breadmaster the Priestess... You died in The Gnomish Mines on dungeon level 3 with 268 points, and 0 pieces of gold, after 979 moves. You were level 3 with a maximum of 23 hit points when you died.